 Dungeon Crawl Stone Soup version 0.17-a0-963-gaa5423c (webtiles) character file.

144079 namelastname112 the Bludgeoner (level 16, -12/146 HPs)
             Began as a Mottled Draconian Enchanter on May 8, 2015.
             Was an Initiate of Gozag.
             Mangled by a wolf spider (15 damage)
             ... on level 2 of the Spider Nest on May 9, 2015.
             The game lasted 02:26:34 (40051 turns).

namelastname112 the Bludgeoner (DrEn)              Turns: 40051, Time: 02:26:34

Health: -12/146    AC: 16    Str: 18    XL:     16   Next: 84%
Magic:  28/28      EV: 19    Int: 19    God:    Gozag
Gold:   390        SH:  0    Dex: 16    Spells: 4 memorised, 23 levels left

rFire  + . .     SeeInvis .     a - +10 dark maul {crush}
rCold  + + .     Clarity  .     (armour unavailable)
rNeg   + + +     SustAb   .     (no shield)
rPois  +         Gourm    .     g - -2 hat of the Alchemist {rElec rPois rF+ rC+ rN+ MR+ rMut rCorr}
rElec  +         Spirit   .     A - +0 cloak of Too Many Cooks {+Inv rN++ Str+3}
rCorr  +         Warding  .     P - +2 pair of gloves {Str+3}
rMut   +         Stasis   .     d - +0 pair of boots
MR     +++..                    Z - amulet of regeneration
Stlth  ++++......               j - ring of protection from magic
                                K - ring "Ver Mibb" {rC+ AC+4}

@: very slightly contaminated, extremely resistant to hostile enchantments,
stealthy
A: breathe sticky flame splash, unfitting armour, horns 1, clever 1,
cold-blooded, AC +9
a: Breathe Sticky Flame, Potion Petition, Call Merchant, Bribe Branch, Renounce
Religion, Evoke Invisibility


You were on level 2 of the Spider Nest.
You worshipped Gozag.
Gozag was noncommittal.
You were not hungry.

You visited 6 branches of the dungeon, and saw 33 of its levels.
You also visited: Ossuary and Volcano.

You collected 12788 gold pieces.
You spent 3304 gold pieces at shops.
You paid 9094 gold pieces to Gozag.

Inventory:

Hand weapons
 a - the +10 dark maul (weapon) {crush}
   (You found it on level 1 of the Lair of Beasts)

   It inflicts extra damage upon your enemies.
 b - a +3 dire flail of electrocution
Armour
 d - a +0 pair of boots (worn)
 g - the -2 hat of the Alchemist (worn) {rElec rPois rF+ rC+ rN+ MR+ rMut rCorr}
   (You bought it in a shop on level 13 of the Dungeon)

   It protects you from fire.
   It protects you from cold.
   It insulates you from electricity.
   It protects you from poison.
   It protects you from negative energy.
   It affects your resistance to hostile enchantments.
   It protects you from acid and corrosion.
   It protects you from mutation.
 A - the +0 cloak of Too Many Cooks (worn) {+Inv rN++ Str+3}
   (You bought it in a shop on level 13 of the Dungeon)

   It affects your strength (+3).
   It greatly protects you from negative energy.
   It lets you turn invisible.
 P - a +2 pair of gloves of strength (worn)
Rods
 W - a +0 iron rod (14/14)
   (You found it on level 1 of the Lair of Beasts)
Jewellery
 j - a ring of protection from magic (right hand)
 H - an uncursed ring of protection from fire
 K - the ring "Ver Mibb" (left hand) {rC+ AC+4}
   (You bought it in a shop on level 14 of the Dungeon)

   [ring of protection]

   It affects your AC (+4).
   It protects you from cold.
 Z - an amulet of regeneration (around neck)
Magical devices
 f - a wand of teleportation (5)
 v - a wand of confusion (13)
 E - a wand of flame (26)
 F - a wand of teleportation (6)
 G - a wand of cold (9)
 J - a wand of cold (7)
 M - a wand of teleportation (4)
 T - a wand of teleportation (5)
 U - a wand of cold (8)
 X - a wand of disintegration (12)
Scrolls
 m - 2 scrolls of identify
 o - 2 scrolls of blinking
 p - a scroll of magic mapping
 s - 5 scrolls of remove curse
 x - 21 scrolls of teleportation
 y - 6 scrolls of fog
 D - a scroll of enchant weapon
Potions
 c - a potion of flight
 h - 11 potions of might
 k - 5 potions of brilliance
 n - 3 potions of cancellation
 r - 6 potions of curing
 u - 4 potions of agility
 w - 8 potions of berserk rage
 B - 5 potions of heal wounds
 C - 2 potions of invisibility
 I - 3 potions of resistance
 L - 3 potions of ambrosia
Books
 e - a book of Callings

   Spells                             Type                      Level
   a - Summon Small Mammal            Summoning                    1
   b - Call Imp                       Summoning                    2
   c - Call Canine Familiar           Summoning                    3
   d - Summon Guardian Golem          Hexes/Summoning              3
   e - Summon Lightning Spire         Summoning/Air                4
   f - Summon Ice Beast               Ice/Summoning                4
 z - the Handbook of Black Rites
   (You found it on level 1 of the Elven Halls)

   Spells                             Type                      Level
   a - Pain                           Necromancy                   1
   b - Control Undead                 Necromancy                   4
   c - Bolt of Draining               Conjuration/Necromancy       5
   d - Simulacrum                     Ice/Necromancy               6
Miscellaneous
 q - a sack of spiders
 t - a legendary deck of summoning {drawn: 3}
Comestibles
 i - 7 meat rations
 l - 5 bread rations
 V - 14 fruits


   Skills:
 + Level 14.0 Fighting
   Level 9.2 Short Blades
 * Level 17.9 Maces & Flails
 + Level 10.5 Dodging
 - Level 9.5 Stealth
 - Level 8.8 Spellcasting
 - Level 8.6 Hexes


You had 23 spell levels left.
You knew the following spells:

 Your Spells              Type           Power        Failure   Level  Hunger
a - Corona                Hex            #####..      1%          1    None
b - Tukima's Dance        Hex            #####...     1%          3    None
x - Confuse               Hex            #####...     1%          3    None
z - Ensorcelled Hibernat  Hex/Ice        ###...       1%          2    None


Dungeon Overview and Level Annotations

Branches:
Dungeon (15/15)            Temple (1/1) D:4            Lair (8/8) D:10
 Shoals (0/4) Lair:4       Spider (2/4) Lair:4        Slime (0/6) Lair:7
    Orc (4/4) D:11            Elf (3/3) Orc:4        Vaults (0/5) D:13
 Depths (0/5) D:15

Altars:
Ashenzari
Cheibriados
Dithmenos
Elyvilon
Fedhas
Gozag
Kikubaaqudgha
Makhleb
Nemelex Xobeh
Okawaru
Qazlal
Ru
Sif Muna
Trog
Vehumet
Xom
Yredelemnul
Zin
The Shining One
Beogh
Jiyva

Shops:
D:7 (*}(   D:10 (   D:13 [   D:14 =   D:15 **   Orc:4 ?=(*   Elf:2 :
Vaults:1 =   Vaults:3 (   Vaults:4 *

Portals:
Trove: D:13 (show slimy rune of Zot)

Annotations:
D:6 exclusion: oklob plant, oplop's ghost, experienced TeFE
Lair:1 exclusion: oklob plant
Lair:6 exclusion: oklob plant
Elf:2 3 runed doors


Innate Abilities, Weirdness & Mutations

You can spit globs of burning liquid.
You can ignite nearby creatures when you spit burning liquid.
Your weird mottled scales are hard (AC +9).
Your body does not fit into most forms of armour.
You are cold-blooded and may be slowed by cold attacks.
You have a pair of small horns on your head.
Your mind is acute. (Int +2)


Message History

The orb spider begins to weave its threads into a brightly glowing ball.
You start resting.
The orb spider weaves a glowing orb of energy.
A wolf spider comes into view.
The wolf spider hisses angrily.
The wavering orb of destruction hits you!
* * * LOW HITPOINT WARNING * * *
You beat the orb spider like a drum!!!!
You kill the orb spider!
You hit the orb spider. Your headbutt misses the orb spider.
You tail-slap the orb spider.
The orb spider is lightly wounded.
The orb spider weaves a glowing orb of energy.
The wavering orb of destruction weakly hits you!
* * * LOW HITPOINT WARNING * * *
The wolf spider hits you.
* * * LOW HITPOINT WARNING * * *
The wolf spider bites you!
You die...
Your body crumbles into a pile of gold.

#≈≈≈≈ #≈#≈ ##≈≈ #########
≈≈# #....^ .## ## # #....
..# #. ###...#####.#
#..#.......#.#.# ###
#...≈≈≈.@s#..####..##
###..^...$s.##..$$$...###
#....≈?..^.≈...s##....##.##
#....≈..<..≈....#.....#...##
#....≈...^.≈....##....#..###
#............^###....##...#.
#.##...≈≈≈...###.....###....
# ##.[....)#.#####....##...
##....##.## #......##..


You could see a wolf spider and an orb spider.

Vanquished Creatures
  2 orc warlords
  Maud (Lair:6)
  A deep elf sorcerer (Elf:2)
  Nessos (Lair:7)
  A deep elf death mage (Elf:1)
  The ghost of Zebura the Grappler, a powerful TrFi of Makhleb (D:12)
  Snorg (Orc:1)
  2 vault guards (D:13)
  2 rakshasas
  Fannar (Orc:1)
  7 hydras
  A catoblepas (Lair:8)
  Erica (Orc:1)
  3 centaur warriors
  5 death yaks
  2 dancing weapons (Elf:2)
  A salamander stormcaller (D:15)
  A shock serpent (shapeshifter) (Elf:1)
  A tengu warrior (D:15)
  4 orc high priests
  Sonja (Lair:4)
  Nergalle (Orc:4)
  7 deep elf knights
  7 unseen horrors
  A wizard (D:13)
  A giant orange brain (D:15)
  3 deep elf summoners
  6 orb spiders
  Pikel (D:5)
  4 hill giants
  A harpy (Lair:8)
  5 wolf spiders
  8 ugly things (D:15)
  3 orc sorcerers
  3 griffons
  2 cyclopes
  3 orc knights (Orc:4)
  5 deep elf conjurers
  4 manticores
  13 elephants
  Maurice (Orc:3)
  5 black mambas
  A torpor snail (Lair:8)
  15 spiny frogs
  A gargoyle (D:13)
  2 tengu conjurers (D:14)
  An elf (shapeshifter) (D:15)
  4 fire drakes
  15 komodo dragons
  A wandering mushroom (Lair:8)
  A freezing wraith (D:15)
  A deep elf priest (Elf:2)
  2 polar bears
  A polar bear (shapeshifter) (Elf:1)
  A jumping spider (shapeshifter) (Elf:2)
  2 trapdoor spider zombies
  2 spriggan druids
  20 blink frogs
  9 trolls
  A boulder beetle (Lair:6)
  6 ravens
  A snapping turtle (Lair:4)
  8 slime creatures
  12 spriggans (Lair:8)
  13 redbacks
  Sigmund (D:2)
  3 tarantellas (Spider:1)
  A trapdoor spider (D:14)
  21 deep elf magi
  6 wyverns
  4 hungry ghosts
  18 deep elf fighters
  A ynoxinul (Orc:4)
  9 basilisks
  A vampire mosquito (D:14)
  63 yaks
  A wraith (D:14)
  3 soldier ants
  The ghost of Gorice the Bolt Thrower, an average FoWn (D:4)
  3 mottled dragons
  22 humans (D:13)
  52 wolves
  A warg (Orc:1)
  18 water moccasins
  16 hippogriffs
  5 hell hounds
  17 porcupines
  2 slaves (D:5)
  Duvessa (D:6)
  An eye of draining (D:12)
  2 phantoms
  3 ice beasts
  A sky beast (D:15)
  A swamp drake (D:11)
  7 black bears
  A necrophage (D:8)
  11 ogres
  4 wasps
  8 centaurs
  A dwarf (shapeshifter) (D:15)
  40 orc warriors
  6 large abominations (Elf:1)
  6 crocodiles
  3 elf zombies (Elf:1)
  19 giant frogs
  A big kobold (D:8)
  3 wyvern skeletons
  A gnoll sergeant (D:6)
  Dowan (D:6)
  18 killer bees
  2 scorpions
  5 electric eels
  14 wights
  4 crimson imps
  3 giant frog zombies
  7 hounds
  34 orc priests
  3 centaur zombies
  3 centaur skeletons
  12 jellies
  43 orc wizards
  3 giant frog skeletons
  Ijyb (D:2)
  A hell rat (Elf:1)
  Natasha (thrice) (D:2)
  2 gnoll shamans
  6 iguanas
  19 worker ants
  8 sheep
  A hound skeleton (D:4)
  3 hound zombies
  A mummy (D:4)
  16 adders
  19 gnolls
  71 river rats
  3 shadow imps
  15 oozes
  5 adder skeletons
  5 worms
  4 giant geckos
  187 orcs
  3 ball pythons
  2 bat skeletons
  4 giant cockroaches
  23 hobgoblins
  10 jackals
  14 bats
  2 giant newts
  18 goblins
  A jackal skeleton (D:7)
  A jackal zombie (D:9)
  9 kobolds
  2 orc zombies (D:4)
  4 quokkas
  A quokka skeleton (D:9)
  A quokka zombie (D:6)
  9 rats
  36 ballistomycetes
  3 fungi
  A plant (Lair:7)
1299 creatures vanquished.

Vanquished Creatures (collateral kills)
  Rupert (Orc:4)
  A hill giant (D:8)
  Edmund (D:6)
  6 ogres
  2 orc warriors
  A gnoll sergeant (D:5)
  11 wights
  A worker ant zombie (D:9)
  5 gnolls
  5 orcs
  2 jackals (D:8)
36 creatures vanquished.

Vanquished Creatures (others)
  4 dancing weapons
  A deep elf mage (D:15)
  A wolf (Lair:6)
  A slave (D:5)
  A lost soul (Elf:1)
  A gnoll (D:5)
  A river rat (Lair:6)
  An orc (D:9)
  A hobgoblin (Orc:1)
  3 giant spores
  A ballistomycete (D:9)
  2 bushes (Lair:8)
  56 fungi
  29 plants
103 creatures vanquished.

Grand Total: 1438 creatures vanquished

Notes
Turn   | Place    | Note
--------------------------------------------------------------
     0 | D:1      | namelastname112, the Draconian Enchanter, began the quest for the Orb.
     0 | D:1      | Reached XP level 1. HP: 14/14 MP: 3/3
   219 | D:1      | Reached XP level 2. HP: 11/20 MP: 5/5
   223 | D:1      | Learned a level 2 spell: Ensorcelled Hibernation
   388 | D:1      | Reached skill level 3 in Stealth
   850 | D:2      | Noticed Natasha
   855 | D:2      | Killed Natasha
   855 | D:2      | Reached XP level 3. HP: 6/26 MP: 6/6
   869 | D:2      | Learned a level 3 spell: Confuse
  1154 | D:2      | Noticed Ijyb
  1163 | D:2      | Killed Ijyb
  1163 | D:2      | Reached XP level 4. HP: 33/33 MP: 7/7
  1323 | D:2      | Noticed Sigmund
  1340 | D:2      | Killed Sigmund
  1340 | D:2      | Reached XP level 5. HP: 34/38 MP: 4/9
  1448 | D:2      | Noticed Natasha
  1466 | D:2      | Killed Natasha
  1522 | D:2      | Noticed Natasha
  1529 | D:2      | Killed Natasha
  1590 | D:2      | Reached XP level 6. HP: 31/45 MP: 9/10
  2197 | D:3      | Reached skill level 4 in Stealth
  2494 | D:3      | Found a sparkling altar of Nemelex Xobeh.
  3120 | D:4      | Noticed Gorice's ghost (average FoWn)
  3180 | D:4      | Found a sand-covered staircase.
  3192 | D:4      | Your scales start taking on a weird mottled colour.
  3192 | D:4      | Reached XP level 7. HP: 47/50 MP: 12/12
  3199 | Ossuary  | Entered an ossuary
  3201 | Ossuary  | Noticed oplop's ghost (experienced SpEn)
  3321 | D:4      | Found a staircase to the Ecumenical Temple.
  3347 | Temple   | Entered the Ecumenical Temple
  3404 | Temple   | Became a worshipper of Gozag Ym Sagoz the Greedy
  3571 | D:4      | Learned a level 3 spell: Tukima's Dance
  4042 | D:4      | Killed Gorice's ghost
  4042 | D:4      | Reached skill level 5 in Stealth
  4042 | D:4      | Reached XP level 8. HP: 22/57 MP: 2/14
  4358 | D:5      | Entered Level 5 of the Dungeon
  4635 | D:5      | Noticed Pikel
  4686 | D:5      | Killed Pikel
  4952 | D:5      | Reached skill level 5 in Short Blades
  4981 | D:5      | Reached skill level 5 in Hexes
  5025 | D:5      | Found a basalt altar of Yredelemnul.
  5025 | D:5      | Found a radiant altar of Vehumet.
  5142 | D:5      | Reached skill level 5 in Dodging
  5332 | D:5      | Reached skill level 5 in Spellcasting
  5471 | D:5      | Found a sacrificial altar of Ru.
  5860 | D:6      | Reached XP level 9. HP: 25/62 MP: 1/16
  6000 | D:6      | Found a sacrificial altar of Ru.
  6178 | D:6      | Noticed Edmund
  6193 | D:6      | Killed Edmund
  6298 | D:6      | Reached skill level 6 in Stealth
  6306 | D:6      | Noticed oplop's ghost (experienced TeFE)
  6487 | D:6      | Noticed Duvessa
  6487 | D:6      | Noticed Dowan
  6572 | D:6      | Killed Dowan
  6651 | D:5      | HP: 1/62 [giant frog (7)]
  7148 | D:6      | Killed Duvessa
  7700 | D:6      | Noticed an oklob plant
  8039 | D:7      | Found Fyol's Antique Weapon Boutique.
  8088 | D:7      | Found a shadowy altar of Dithmenos.
  8159 | D:7      | Found Ofynkabo's Assorted Antiques.
  8167 | D:7      | Bought a runed dagger for 56 gold pieces
  8451 | D:7      | Found Raustroc's Weapon Emporium.
  8515 | D:7      | Found Mosafiunk's Gadget Boutique.
  9279 | D:8      | Noticed a hill giant
  9288 | D:8      | Killed a hill giant
  9368 | D:8      | Reached skill level 7 in Stealth
  9368 | D:8      | Reached XP level 10. HP: 37/69 MP: 4/19
 10136 | D:8      | Found an iron altar of Okawaru.
 10901 | D:9      | Found a white marble altar of Elyvilon.
 11584 | D:9      | Noticed an unseen horror
 11593 | D:9      | Killed an unseen horror
 11969 | D:9      | Found a blossoming altar of Fedhas.
 13174 | D:10     | Entered Level 10 of the Dungeon
 13187 | D:10     | Reached skill level 8 in Stealth
 13260 | D:10     | Reached XP level 11. HP: 63/74 MP: 22/22
 13411 | D:10     | Found Xamekepaqa's Antique Weapon Shop.
 13418 | D:10     | Bought a runed dagger for 50 gold pieces
 13554 | D:10     | Found a staircase to the Lair.
 13595 | D:10     | Found a sparkling altar of Nemelex Xobeh.
 14424 | D:11     | Found Paliss Pigakk's Food Shoppe.
 15297 | D:11     | Noticed a hill giant
 15308 | D:11     | Killed a hill giant
 15405 | D:11     | Reached skill level 9 in Stealth
 15570 | D:11     | Found a staircase to the Orcish Mines.
 15912 | D:11     | Noticed an unseen horror
 15954 | D:11     | Reached XP level 12. HP: 17/81 MP: 7/24
 16252 | D:11     | Killed an unseen horror
 16631 | Lair:1   | Entered Level 1 of the Lair of Beasts
 16761 | Lair:1   | Reached skill level 1 in Fighting
 17019 | Lair:1   | Reached skill level 1 in Maces & Flails
 17152 | Lair:1   | Found a shimmering altar of Xom.
 18425 | Lair:2   | Identified a scroll of acquirement
 18480 | Lair:3   | Reached skill level 5 in Maces & Flails
 18695 | Lair:3   | Reached skill level 5 in Fighting
 19216 | Lair:4   | Noticed a five-headed hydra
 19340 | Lair:4   | Found a hole to the Spider Nest.
 19423 | Lair:4   | Killed a five-headed hydra
 19463 | Lair:4   | Reached XP level 13. HP: 86/102 MP: 15/25
 19547 | Lair:4   | Found a staircase to the Shoals.
 19871 | Lair:4   | Noticed Sonja
 19880 | Lair:4   | Killed Sonja
 19959 | Lair:4   | Gained mutation: Your mind is acute. (Int +2) [potion of beneficial mutation]
 21763 | Lair:6   | Reached skill level 10 in Maces & Flails
 22134 | Lair:6   | Found a dark tunnel.
 22150 | Volcano  | Entered a volcano
 23127 | Lair:7   | Found a viscous altar of Jiyva.
 23129 | Lair:7   | Found a staircase to the Slime Pits.
 23251 | Lair:7   | Reached skill level 11 in Maces & Flails
 23316 | Lair:7   | Noticed Nessos
 23344 | Lair:7   | Killed Nessos
 24127 | Lair:7   | Reached XP level 14. HP: 109/118 MP: 26/26
 24336 | Lair:7   | Noticed Maud
 24636 | Lair:8   | Entered Level 8 of the Lair of Beasts
 24804 | Lair:8   | Reached skill level 12 in Maces & Flails
 25284 | Lair:8   | Reached skill level 10 in Fighting
 25390 | Lair:8   | Reached skill level 13 in Maces & Flails
 27033 | Lair:8   | Reached skill level 14 in Maces & Flails
 27792 | Lair:6   | Killed Maud
 27792 | Lair:6   | Reached XP level 15. HP: 130/130 MP: 27/27
 27950 | Lair:1   | Noticed Uratarru the pandemonium lord
 28035 | Orc:1    | Entered Level 1 of the Orcish Mines
 28084 | Orc:1    | Noticed Erica
 28124 | Orc:1    | Killed Erica
 28555 | Orc:3    | Noticed Maurice
 28564 | Orc:3    | Killed Maurice
 29352 | Orc:2    | Found a roughly hewn altar of Beogh.
 29498 | Orc:1    | Noticed Snorg
 29593 | Orc:1    | Noticed Fannar
 29594 | Orc:1    | Killed Snorg
 29614 | Orc:1    | Killed Fannar
 29995 | Orc:4    | Entered Level 4 of the Orcish Mines
 30049 | Orc:4    | Found Ylidoc's Magic Scroll Shoppe.
 30089 | Orc:4    | Reached skill level 15 in Maces & Flails
 30163 | Orc:4    | Found a staircase to the Elven Halls.
 30412 | Orc:4    | Noticed Rupert
 30691 | Orc:4    | Killed Rupert
 31112 | Orc:4    | Noticed Nergalle
 31121 | Orc:4    | Killed Nergalle
 31158 | Orc:4    | Found a roughly hewn altar of Beogh.
 31266 | Orc:4    | Found Jelih's Antique Armour Boutique.
 31310 | Orc:4    | Found Enur's Antique Weapon Boutique.
 31321 | Orc:4    | Bought a scorched eveningstar for 500 gold pieces
 31321 | Orc:4    | Identified the cursed +1 eveningstar "Draconian's Peril" {crush, *Rage rElec MR+ Str+2} (You bought it in a shop on level 4 of the Orcish Mines)
 31335 | Orc:4    | Found Seisk's Jewellery Boutique.
 31356 | Orc:4    | Found Cistrev's General Store.
 32047 | D:11     | Bought a beef jerky for 16 gold pieces
 32047 | D:11     | Bought a meat ration for 55 gold pieces
 32047 | D:11     | Bought a bread ration for 55 gold pieces
 32047 | D:11     | Bought a slice of pizza for 16 gold pieces
 32047 | D:11     | Bought a slice of pizza for 16 gold pieces
 32047 | D:11     | Bought a beef jerky for 16 gold pieces
 32047 | D:11     | Bought a bread ration for 55 gold pieces
 32047 | D:11     | Bought a meat ration for 55 gold pieces
 32047 | D:11     | Bought a meat ration for 55 gold pieces
 32047 | D:11     | Bought 2 fruits for 33 gold pieces
 32047 | D:11     | Bought a bread ration for 55 gold pieces
 32047 | D:11     | Bought a slice of pizza for 16 gold pieces
 32047 | D:11     | Bought a bread ration for 55 gold pieces
 32047 | D:11     | Bought 3 beef jerkies for 49 gold pieces
 32047 | D:11     | Bought a meat ration for 55 gold pieces
 32208 | D:12     | Noticed Zebura's ghost (powerful TrFi)
 33126 | D:12     | Killed Zebura's ghost
 33472 | D:13     | Found Hutuofez's Antique Armour Boutique.
 33496 | D:13     | Bought the -2 hat of the Alchemist {rElec rPois rF+ rC+ rN+ MR+ rMut rCorr} for 1038 gold pieces
 33496 | D:13     | Bought a warped cloak for 209 gold pieces
 33506 | D:13     | Identified the +0 cloak of Too Many Cooks {+Inv rN++ Str+3} (You bought it in a shop on level 13 of the Dungeon)
 33931 | D:13     | Reached skill level 16 in Maces & Flails
 34300 | D:13     | Found a portal to a secret trove of treasure.
 34742 | D:13     | Found a gate to the Vaults.
 34851 | D:14     | Found Emaomokh's Jewellery Shop.
 34853 | D:14     | Bought the ring "Ver Mibb" {rC+ AC+4} for 700 gold pieces
 35853 | D:15     | Entered Level 15 of the Dungeon
 35954 | D:15     | Reached XP level 16. HP: 102/141 MP: 28/28
 36114 | D:15     | Found a staircase to the Depths.
 36225 | D:15     | Found Olugooc's Assorted Antiques.
 36233 | D:15     | Bought a scroll labeled WAUMOT IDATS for 30 gold pieces
 36233 | D:15     | Bought a potion of curing for 90 gold pieces
 36442 | D:15     | Found Siwew's Assorted Antiques.
 36450 | D:15     | Bought a scroll labeled WAUMOT IDATS for 29 gold pieces
 37334 | Elf:1    | Entered Level 1 of the Elven Halls
 37344 | Orc:4    | Reached skill level 17 in Maces & Flails
 37428 | Elf:1    | Got a polished long sword
 38113 | Elf:1    | Reached skill level 10 in Dodging
 38362 | Elf:1    | Identified the Handbook of Black Rites
 38557 | Elf:2    | Found a runed gate.
 38557 | Elf:2    | Found a runed gate.
 38557 | Elf:2    | Found a runed gate.
 38726 | Elf:2    | Found Dusmopew's One-of-a-Kind Books.
 39305 | Elf:3    | Entered Level 3 of the Elven Halls
 39308 | Elf:2    | Identified the +9 long sword of the Known World {elec, rPois rF+ Dex+5 SInv} (You found it on level 1 of the Elven Halls)
 39556 | Spider:1 | Entered Level 1 of the Spider Nest
 39841 | Spider:1 | Gained mutation: You have a pair of small horns on your head. [potion of beneficial mutation]
 40051 | Spider:2 | HP: 3/146 [wolf spider (5)]
 40051 | Spider:2 | Mangled by a wolf spider

Action                   |  1- 3 |  4- 6 |  7- 9 | 10-12 | 13-15 | 16-18 || total
-------------------------+-------+-------+-------+-------+-------+-------++-------
Melee: Dagger            |    87 |   131 |   610 |   979 |   417 |       ||  2224
       Maul              |       |       |       |       |   749 |   253 ||  1002
       Dire flail        |       |       |       |       |   203 |       ||   203
 Cast: Ensorcelled Hiber |    16 |    57 |   146 |   335 |   227 |       ||   781
       Confuse           |     1 |     9 |    38 |    75 |    29 |       ||   152
       Tukima's Dance    |       |       |    28 |    34 |     2 |       ||    64
       Corona            |       |       |       |     3 |     4 |       ||     7
Invok: Call Merchant     |       |       |     1 |     1 |     5 |     1 ||     8
 Abil: Breathe Sticky Fl |       |       |     3 |     3 |     1 |       ||     7
Evoke: Wand              |       |       |       |     5 |     4 |       ||     9
       Deck              |       |       |       |       |     3 |       ||     3
  Use: Potion            |       |       |     4 |     3 |     4 |     1 ||    12
       Scroll            |       |       |       |    18 |    16 |     9 ||    43
 Stab: Sleeping          |    15 |    45 |    64 |   186 |   132 |     7 ||   449
       Confused          |     1 |     3 |    19 |    33 |    15 |       ||    71
       Distracted        |       |       |     3 |     7 |    30 |     5 ||    45
       Fleeing           |       |       |       |       |     1 |       ||     1
  Eat: Meat ration       |     1 |       |       |     2 |     2 |     2 ||     7
       Chunk             |       |     7 |       |       |       |       ||     7
       Fruit             |       |       |     5 |       |    40 |       ||    45
       Bread ration      |       |       |     5 |     7 |     2 |       ||    14
       Beef jerky        |       |       |     2 |     1 |     9 |     2 ||    14
       Pizza             |       |       |       |       |     3 |     3 ||     6
